 Dungeon Crawl Stone Soup version 0.23-a0-335-gba3dfdf (webtiles) character file.

1400 epen the Covert (level 8, -20/64 HPs)
             Began as a Gnoll Assassin on Oct 17, 2018.
             Engulfed by a cloud of flame (30 damage)
             ... on level 5 of the Dungeon.
             The game lasted 00:07:27 (5794 turns).

epen the Covert (Gnoll Assassin)                    Turns: 5794, Time: 00:07:28

Health: -20/64     AC: 13    Str: 17    XL:     8   Next: 69%
Magic:  13/13      EV: 17    Int: 13    God:
Gold:   210        SH:  0    Dex: 16    Spells: 13/13 levels left

rFire    . . .     SeeInvis .   O - +4 long sword (curse)
rCold    . . .     Gourm    .   (no shield)
rNeg     . . .     Faith    .   D - +2 leather armour {rPois}
rPois    +         Spirit   .   m - +0 helmet
rElec    .         Reflect  .   d - +1 cloak
rCorr    .         Harm     .   (no gloves)
MR       .....                  (no boots)
Stlth    ++++......             (no amulet)
HPRegen  0.20/turn              y - +3 ring of evasion
MPRegen  0.13/turn              t - +5 ring of protection

@: no status effects
A: distributed training, fangs 1, strong nose
a: no special abilities


You were on level 5 of the Dungeon.
You were not hungry.

You visited 1 branch of the dungeon, and saw 6 of its levels.

You collected 210 gold pieces.

Inventory:

Hand Weapons
 a - a +3 dagger
 b - a +0 blowgun
 s - a +1 flail of holy wrath
 u - a +0 dagger of flaming
 O - a cursed +4 long sword (weapon)
Missiles
 e - 54 poisoned needles
 f - a curare-tipped needle
Armour
 c - a +0 robe
 d - a +1 cloak (worn)
 m - a +0 helmet (worn)
 p - a +0 ring mail
 D - a +2 leather armour of poison resistance (worn)
Jewellery
 i - an uncursed ring of magical power
 q - an uncursed ring of fire
 t - a +5 ring of protection (right hand)
 x - an uncursed ring of stealth
 y - a +3 ring of evasion (left hand)
 B - an uncursed ring of protection from magic
 J - a +3 ring of dexterity
Wands
 C - a wand of digging (23)
 I - a wand of enslavement (21)
 L - a wand of paralysis (10)
Scrolls
 l - 3 scrolls of remove curse
 o - a scroll of enchant weapon
 r - a scroll of fear {unknown}
 w - 2 scrolls of teleportation
 A - 2 scrolls of identify
 H - a scroll of enchant armour
 K - a scroll of immolation {unknown}
 M - a scroll of magic mapping
Potions
 h - 2 potions of haste
 j - 2 potions of lignification {unknown}
 k - a potion of curing
 n - 2 potions of heal wounds
 v - 2 potions of might
 z - a potion of brilliance
 E - a potion of agility {unknown}
 F - a potion of resistance {unknown}
 G - a potion of flight {unknown}
Comestibles
 g - 9 rations
 N - 4 chunks of flesh


   Skills:
 + Level 5.8 Fighting
 + Level 5.8 Short Blades
 + Level 3.4 Long Blades
 + Level 3.4 Axes
 + Level 3.4 Maces & Flails
 + Level 3.4 Polearms
 + Level 3.4 Staves
 + Level 3.4 Slings
 + Level 3.4 Bows
 + Level 3.4 Crossbows
 + Level 5.8 Throwing
 + Level 3.4 Armour
 + Level 4.3 Dodging
 + Level 8.6 Stealth
 + Level 3.4 Shields
 + Level 3.4 Unarmed Combat
 + Level 3.4 Spellcasting
 + Level 2.8 Conjurations
 + Level 2.8 Hexes
 + Level 2.8 Charms
 + Level 2.8 Summonings
 + Level 2.8 Necromancy
 + Level 2.8 Translocations
 + Level 2.8 Transmutations
 + Level 2.8 Fire Magic
 + Level 2.8 Ice Magic
 + Level 2.8 Air Magic
 + Level 2.8 Earth Magic
 + Level 2.8 Poison Magic
 + Level 3.8 Invocations
 + Level 3.4 Evocations


You had 13 spell levels left.
You didn't know any spells.
Your spell library contained the following spells:

 Spells                   Type           Power        Failure   Level  Hunger
 Passwall                 Tmut/Erth      #.......     12%         2    ##.....
 Swiftness                Chrm/Air       #.......     12%         2    ##.....
 Passage of Golubria      Tloc           N/A          63%         4    #####..
 Lee's Rapid Deconstruct  Erth           #.........   92%         5    ######.
 Darkness                 Hex            #.........   100%        6    #######
 Invisibility             Hex            #.......     100%        6    #######


Dungeon Overview and Level Annotations

Branches:
Dungeon (6/15)
 Temple: D:4-7

Altars:
Dithmenos
Makhleb
Ru
Sif Muna
Vehumet
Wu Jian
Yredelemnul

Annotations:
D:5 6 runed doors, Nr616's ghost, novice GrFi


Innate Abilities, Weirdness & Mutations

Your experience applies equally to all skills.
You have very sharp teeth.
Your uncanny sense of smell can sniff out nearby items.


Message History

The puff of flame misses you.
The orc warrior hits you from afar with a +0 trident.
* * * LOW HITPOINT WARNING * * *
The orc wizard points at you and mumbles some strange words.
The magic dart hits you!
* * * LOW HITPOINT WARNING * * *
The orc wizard casts a spell.
The orc wizard flickers and vanishes!
Deactivating autopickup; reactivate with Ctrl-A.
A puff of flame appears from out of thin air!
The puff of flame misses you.
There is an escape hatch in the ceiling here.
You can't go down here!
The orc warrior hits you from afar with a +0 trident.
* * * LOW HITPOINT WARNING * * *
A mysterious force pulls you upwards. The hatch slams shut behind you.
Level annotation: 6 runed doors, Nr616's ghost, novice GrFi Reactivating autopickup.
You are engulfed in blazing flames.
You die...

#.#.##.#.#.# #.......#
#.#.##.#.#.# #####...#
#...##.#.#.########...#
##..##.#.#$.%.........#
#..##.#.....§######..#
#..##.#..§.§..#####..#
##.##.#...§..........#
#..#.#..§.§.#######.#
#..#.#..@§..# #.#
#....#.##.#.## #.#
#########.#(.#.#.....######.##
..........#..#.#####.#.......#
....#######..#.# #.#.#######
....# #..#.# #.#.# ....#
##.#.# #.#.# #'### #...# #.#.#
#.# #...# #.#.#


There were no monsters in sight!

Vanquished Creatures
  Grinder (D:5)
  An orc warrior (D:5)
  2 ice beasts
  A sky beast (D:5)
  An ogre (D:4)
  2 bullfrogs (D:5)
  A wight (D:6)
  A crimson imp (D:5)
  A hound (D:5)
  4 orc wizards
  An orc priest (D:6)
  A bullfrog skeleton (D:5)
  A jelly (D:6)
  2 iguanas
  Ijyb (D:4)
  2 worker ants (D:5)
  A killer bee zombie (D:6)
  4 gnolls
  A howler monkey skeleton (D:5)
  2 adders (D:2)
  A shadow imp (D:5)
  4 worms
  3 dart slugs
  A leopard gecko (D:2)
  12 orcs
  4 giant cockroaches
  8 goblins
  8 hobgoblins
  6 jackals
  A quokka (D:5)
  11 bats
  8 frilled lizards
  11 kobolds
  A quokka zombie (D:5)
  20 rats
130 creatures vanquished.

Vanquished Creatures (others)
  A bullfrog skeleton (D:5)
1 creature vanquished.

Grand Total: 131 creatures vanquished

Notes
Turn   | Place    | Note
-------+----------+-------------------------------------------
     0 | D:1      | epen the Gnoll Assassin began the quest for the Orb.
     0 | D:1      | Reached XP level 1. HP: 20/20 MP: 1/1
    82 | D:1      | Reached XP level 2. HP: 26/26 MP: 2/2
   548 | D:1      | Reached XP level 3. HP: 31/31 MP: 3/3
   657 | D:1      | Reached skill level 1 in Invocations
  1045 | D:2      | Reached skill level 1 in Long Blades
  1045 | D:2      | Reached skill level 1 in Axes
  1045 | D:2      | Reached skill level 1 in Maces & Flails
  1045 | D:2      | Reached skill level 1 in Polearms
  1045 | D:2      | Reached skill level 1 in Staves
  1045 | D:2      | Reached skill level 1 in Slings
  1045 | D:2      | Reached skill level 1 in Bows
  1045 | D:2      | Reached skill level 1 in Crossbows
  1045 | D:2      | Reached skill level 1 in Armour
  1045 | D:2      | Reached skill level 1 in Shields
  1045 | D:2      | Reached skill level 1 in Unarmed Combat
  1045 | D:2      | Reached skill level 1 in Spellcasting
  1045 | D:2      | Reached skill level 1 in Evocations
  1077 | D:2      | Reached XP level 4. HP: 26/38 MP: 5/5
  1189 | D:2      | Found a sacrificial altar of Ru.
  1310 | D:2      | Found a deep blue altar of Sif Muna.
  1761 | D:3      | Reached skill level 1 in Conjurations
  1761 | D:3      | Reached skill level 1 in Hexes
  1761 | D:3      | Reached skill level 1 in Charms
  1761 | D:3      | Reached skill level 1 in Summonings
  1761 | D:3      | Reached skill level 1 in Necromancy
  1761 | D:3      | Reached skill level 1 in Translocations
  1761 | D:3      | Reached skill level 1 in Transmutations
  1761 | D:3      | Reached skill level 1 in Fire Magic
  1761 | D:3      | Reached skill level 1 in Ice Magic
  1761 | D:3      | Reached skill level 1 in Air Magic
  1761 | D:3      | Reached skill level 1 in Earth Magic
  1761 | D:3      | Reached skill level 1 in Poison Magic
  2149 | D:3      | Reached XP level 5. HP: 41/43 MP: 7/7
  2469 | D:4      | Noticed an ogre
  2476 | D:4      | Killed an ogre
  2476 | D:4      | Reached skill level 8 in Stealth
  2476 | D:4      | Reached XP level 6. HP: 50/50 MP: 8/8
  2593 | D:4      | Found a basalt altar of Yredelemnul.
  2595 | D:4      | Found a shadowy altar of Dithmenos.
  2597 | D:4      | Found an ornate altar of the Wu Jian Council.
  2614 | D:4      | Noticed Ijyb
  2647 | D:4      | Killed Ijyb
  3125 | D:5      | Entered Level 5 of the Dungeon
  3125 | D:5      | Noticed an ice beast
  3281 | D:4      | Killed an ice beast
  3281 | D:4      | Reached skill level 5 in Fighting
  3281 | D:4      | Reached skill level 5 in Short Blades
  3281 | D:4      | Reached skill level 5 in Throwing
  3464 | D:5      | Reached XP level 7. HP: 30/56 MP: 10/10
  3756 | D:5      | Noticed Grinder
  3756 | D:5      | Killed Grinder
  3890 | D:5      | Reached XP level 8. HP: 19/63 MP: 12/12
  4259 | D:5      | Found a large runed door.
  4261 | D:5      | Found a large runed door.
  4261 | D:5      | Noticed Nr616's ghost (novice GrFi)
  4380 | D:5      | Found a large runed door.
  4380 | D:5      | Found a large runed door.
  4426 | D:5      | Found a large runed door.
  4426 | D:5      | Found a large runed door.
  4690 | D:5      | Found a radiant altar of Vehumet.
  5178 | D:6      | Found a burning altar of Makhleb.
  5794 | D:5      | Engulfed by a cloud of flame

Vault maps used:
D:1:      elethiomel_arrival_diamonds
D:2:      old_standard_altar, lemuel_blue_sif_altar, serial_bayou_pond_e
D:3:      minmay_misc_feat_iff, serial_bayou_lake_a
D:4:      grunt_temple_overflow_open, first_ration, uniq_ijyb
D:5:      fiery_altar_vehumet, marbit_many_paths, ebering_ghost_disaster_area,
          minmay_hollow_rounded_squares, uniq_grinder
D:6:      good_gods_temple_1, eat_drink_and_be_merry_uskayaw,
          minmay_temple_entry_nine_rooms, basic_altar

Skill      XL: |  1  2  3  4  5  6  7  8 |
---------------+-------------------------+-----
Invocations    | 1 2 3 |  3.8
Long Blades    | 1 2 3 |  3.4
Axes           | 1 2 3 |  3.4
Maces & Flails | 1 2 3 |  3.4
Polearms       | 1 2 3 |  3.4
Staves         | 1 2 3 |  3.4
Slings         | 1 2 3 |  3.4
Bows           | 1 2 3 |  3.4
Crossbows      | 1 2 3 |  3.4
Armour         | 1 2 3 |  3.4
Shields        | 1 2 3 |  3.4
Unarmed Combat | 1 2 3 |  3.4
Spellcasting   | 1 2 3 |  3.4
Evocations     | 1 2 3 |  3.4
Conjurations   | 1 2 |  2.8
Hexes          | 1 2 |  2.8
Charms         | 1 2 |  2.8
Summonings     | 1 2 |  2.8
Necromancy     | 1 2 |  2.8
Translocations | 1 2 |  2.8
Transmutations | 1 2 |  2.8
Fire Magic     | 1 2 |  2.8
Ice Magic      | 1 2 |  2.8
Air Magic      | 1 2 |  2.8
Earth Magic    | 1 2 |  2.8
Poison Magic   | 1 2 |  2.8
Dodging        | 3 4 |  4.3
Stealth        | 8 |  8.6
Fighting       | 5 |  5.8
Short Blades   | 5 |  5.8
Throwing       | 5 |  5.8

Action                   |  1- 3 |  4- 6 |  7- 9 || total
-------------------------+-------+-------+-------++-------
Melee: Dagger            |   111 |   251 |   279 ||   641
       Bite              |     8 |    34 |    46 ||    88
       Punch             |     1 |     2 |     4 ||     7
       Long sword        |       |       |    26 ||    26
 Fire: Blowgun           |       |       |     5 ||     5
  Use: Scroll            |       |       |    11 ||    11
 Stab: Sleeping          |    16 |    14 |     4 ||    34
  Eat: Chunk             |       |     6 |     3 ||     9
       Ration            |       |     1 |     1 ||     2
Armor: Robe              |    19 |     3 |       ||    22
       Ring mail         |       |    46 |       ||    46
       Leather armour    |       |    33 |    78 ||   111
Dodge: Dodged            |    70 |   111 |   144 ||   325
       Rpst.: Long sword |       |       |     9 ||     9

Table legend:
 A = Non-vault XP
 B = Vault XP
 C = Vault XP percentage of total XP
 D = Non-vault monster count
 E = Vault monster count
 F = Vault count percentage of total count
                 A         B        C        D         E       F
            +---------+---------+-------+---------+---------+-------
      Total |    1457 |     544 |  27.2 |     112 |      18 |  13.8
            +---------+---------+-------+---------+---------+-------
        D:1 |      50 |      10 |  16.7 |      34 |       7 |  17.1
        D:2 |      65 |       0 |   0.0 |      20 |       0 |   0.0
        D:3 |      88 |       0 |   0.0 |      23 |       0 |   0.0
        D:4 |     252 |      33 |  11.6 |       5 |       1 |  16.7
        D:5 |     747 |     501 |  40.1 |      19 |      10 |  34.5
        D:6 |     255 |       0 |   0.0 |      11 |       0 |   0.0
            +---------+---------+-------+---------+---------+-------
